[Event "*** Titled Tuesday Blitz"]
[Site "Chess.com"]
[Date "2020.05.26"]
[Round "2"]
[White "Tall-guy"]
[Black "BEEkhishig"]
[Result "0-1"]
[WhiteElo "2114"]
[BlackElo "2613"]
[TimeControl "180+1"]
[EndTime "10:15:38 PDT"]
[Termination "BEEkhishig won by resignation"]

1. e4 c6 2. d4 d5 3. e5 c5 4.
dxc5 Nc6 5. f4 Nh6 6. c3 Bg4 7. Be2 Bxe2 8. Nxe2 Nf5 9. Nd4 Nfxd4 10. cxd4 e6 11. Nc3 Qh4+ 12. g3 Qh3 13. Qd2 h5 14. Nb5 Rc8 15. Qf2 h4 16. Rf1 hxg3 17. hxg3 Nb4 18. Kd2 Qf5 19. Qe3 Qc2+ 20. Ke1 Nd3+ 0-1

[Event "*** Titled Tuesday Blitz"]
[Site "Chess.com"]
[Date "2020.05.26"]
[Round "2"]
[White "Beca95"]
[Black "lili_ani"]
[Result "1-0"]
[WhiteElo "2870"]
[BlackElo "2550"]
[TimeControl "180+1"]
[EndTime "10:15:39 PDT"]
[Termination "Beca95 won on time"]

1. c4 Nf6 2. Nc3 e5 3. e3 Bb4 4.
Nge2 O-O 5. a3 Be7 6. d4 d6 7. h3 c6 8. g4 exd4 9. Qxd4 Be6 10. g5 Nfd7 11. f4 Nc5 12. Rb1 Nb3 13. Qd3 Nd7 14. Nd4 Ndc5 15. Qc2 Nxc1 16. Rxc1 d5 17.
b4 Ne4 18. Nxe4 dxe4 19. Nxe6 fxe6 20. Qxe4 Re8 21. Bd3 g6 22. h4 e5 23. f5 Qd6 24.
c5 Qd7 25. fxg6 Rad8 26. Rd1 1-0

[Event "*** Titled Tuesday Blitz"]
[Site "Chess.com"]
[Date "2020.05.26"]
[Round "2"]
[White "CyberneticLion"]
[Black "fridaywins"]
[Result "1-0"]
[WhiteElo "2443"]
[BlackElo "2220"]
[TimeControl "180+1"]
[EndTime "10:15:40 PDT"]
[Termination "CyberneticLion won by resignation"]

1. e4 e5 2. Nf3 Nc6 3. d4 exd4 4.
Nxd4 Nf6 5. Nc3 Bb4 6. Nxc6 bxc6 7. Bd3 O-O 8. O-O d5 9. exd5 cxd5 10. Bg5 Be7 11. h3 h6 12. Bxf6 Bxf6 13. Nxd5 Bxb2 14.
Rb1 Be5 15. Be4 Ba6 16. Re1 Qg5 17. f4 Bxf4 18. Nxf4 Qxf4 19. Bxa8 Rxa8 20. Qf3 Qxf3 21. gxf3 Bc4 22. a3 Be6 23. h4 h5 24.
c3 g6 25. Kf2 a5 26. Re5 a4 27. Rc5 Ra7 28. Ke3 Kf8 29. Rbb5 Bb3 30. Ra5 Rb7 31. Rcb5 Rxb5 32. Rxb5 Ke7 33. Kd4 Kd6 34. f4 Be6 35. Ra5 Bd7 36. Ra6+ Ke7 37. Kc5 Be8 38. Ra7 Ke6 39.
Rxc7 Kf5 40. Re7 1-0

[Event "*** Titled Tuesday Blitz"]
[Site "Chess.com"]
[Date "2020.05.26"]
[Round "2"]
[White "Gyapiking"]
[Black "bakki78"]
[Result "1/2-1/2"]
[WhiteElo "2512"]
[BlackElo "2758"]
[TimeControl "180+1"]
[EndTime "10:15:41 PDT"]
[Termination "Game drawn by repetition"]

1. c4 Nf6 2. g3 g6 3. Bg2 Bg7 4. Nc3 O-O 5. e4 d6 6. Nge2 Nfd7 7. O-O c5 8. d3 Nc6 9. f4 Rb8 10. f5 a6 11. a4 Nd4 12. Nxd4 cxd4 13. Nd5 e6 14. Nf4 Ne5 15. fxe6 fxe6 16. Qe2 Qe7 17. b3 Bd7 18. Ba3 Rf7 19. Bh3 Rbf8 20. Kh1 Bh6 21.
Rf2 Bxf4 22. gxf4 Rxf4 23. Raf1 Rxf2 24. Rxf2 Rxf2 25. Qxf2 Nc6 26. Bc1 e5 27. Bxd7 Qxd7 28. Bh6 Qf7 29. Qh4 Qf3+ 30. Kg1 Kf7 31. b4 Qxd3 32.
b5 Ne7 33. Bg5 Qd1+ 34. Kg2 Qe2+ 35. Kg1 Ng8 36. Qxh7+ Kf8 37. Qxg6 d3 38. Qf5+ Kg7 39. Qd7+ Kg6 40. Qf5+ Kg7 41. Qd7+ Kg6 42. Qf5+ Kg7 1/2-1/2

[Event "*** Titled Tuesday Blitz"]
[Site "Chess.com"]
[Date "2020.05.26"]
[Round "2"]
[White "crossingthestreet"]
[Black "DaggiGretarsson"]
[Result "1-0"]
[WhiteElo "2255"]
[BlackElo "2613"]
[TimeControl "180+1"]
[EndTime "10:15:42 PDT"]
[Termination "crossingthestreet won by resignation"]

1. c4 g6 2. d4 Bg7 3. e4 e6 4. Nc3 Ne7 5. Nf3 d5 6. cxd5 exd5 7. e5 O-O 8. h4 Bg4 9. h5 Bxh5 10. Rxh5 gxh5 11. Bd3 Ng6 12. Ng5 h6 13. Nxf7 Rxf7 14.
Bxg6 Re7 15. Qxh5 c5 16. Bxh6 cxd4 17. Bxg7 Rxg7 18. e6 dxc3 19. Bf7+ Kf8 20. Qh8+ Ke7 21. Qh4+ Kd6 22. Qxd8+ Ke5 23. bxc3 Nc6 24. Qxa8 Rxg2 25.
O-O-O Rxf2 26. Qxb7 1-0

[Event "*** Titled Tuesday Blitz"]
[Site "Chess.com"]
[Date "2020.05.26"]
[Round "2"]
[White "Y0ung_Capablanca"]
[Black "abubakrtagelsir"]
[Result "1-0"]
[WhiteElo "2677"]
[BlackElo "2303"]
[TimeControl "180+1"]
[EndTime "10:15:42 PDT"]
[Termination "Y0ung_Capablanca won by resignation"]

1. d4 Nf6 2. c4 g6 3. Nf3 Bg7 4.
g3 d6 5. Bg2 O-O 6. O-O a6 7.
Nc3 Nc6 8. Qc2 Bf5 9. e4 Bg4 10.
Be3 Nd7 11. d5 Bxf3 12. Bxf3 Nd4 13. Qd1 c5 14. Bg2 Rc8 15. Ne2 e5 16. h4 b5 17. b3 bxc4 18. bxc4 Rb8 19. Rb1 Qa5 20. Bxd4 cxd4 21. Qc2 Nc5 22. Nc1 Bh6 23. Nb3 Qa3 24.
Nxc5 Qxc5 25. Bh3 a5 26. Rb3 Rb4 27. Rxb4 axb4 28. Rb1 Ra8 29. Rb3 Ra7 30. Bf1 Qa5 31. Rb2 Qa3 32. Bd3 Qc3 33. Kf1 Ra3 34. Ke2 Bc1 35.
Qxc3 bxc3 36. Rc2 Bb2 37. c5 dxc5 38. Bc4 Ra4 39. Kd3 Kf8 40. f4 f6 41. d6 Ke8 42.
Bb5+ 1-0

[Event "*** Titled Tuesday Blitz"]
[Site "Chess.com"]
[Date "2020.05.26"]
[Round "2"]
[White "JosefineHeinemann"]
[Black "Igor_Lysyj"]
[Result "0-1"]
[WhiteElo "2504"]
[BlackElo "2763"]
[TimeControl "180+1"]
[EndTime "10:15:43 PDT"]
[Termination "Igor_Lysyj won by resignation"]

1. e4 e5 2. Nf3 Nc6 3. Bb5 a6 4. Ba4 Nf6 5. O-O Bc5 6. c3 O-O 7. d4 Ba7 8. Bc2 d6 9. h3 h6 10. Be3 Re8 11. Re1 exd4 12. Bxd4 Nxd4 13. Nxd4 c6 14.
Nd2 Qc7 15. N2f3 Bd7 16. Qd2 Rad8 17. Qf4 Bc8 18. Nf5 Bxf5 19. Qxf5 Qb6 20. e5 Qxf2+ 21. Kh1 dxe5 22. Rf1 Qg3 23. Rae1 Bb8 24. Be4 Nxe4 25.
Rxe4 Qg6 26. Qxg6 fxg6 27. Rfe1 Rd7 28. g4 g5 29. Kg2 Rf7 30. R1e2 Rf4 31. h4 Rxe4 32. Rxe4 gxh4 33. Nxh4 Rd8 34. Nf3 Kf7 35. Re2 Kf6 36. Kf2 g6 37. Ke3 Ke6 38. Ke4 Rf8 39. Rh2 Rf4+ 40. Ke3 Rxf3+ 0-1

[Event "*** Titled Tuesday Blitz"]
[Site "Chess.com"]
[Date "2020.05.26"]
[Round "2"]
[White "luizwas"]
[Black "Jadeit90"]
[Result "1/2-1/2"]
[WhiteElo "1831"]
[BlackElo "2316"]
[TimeControl "180+1"]
[EndTime "10:15:43 PDT"]
[Termination "Game drawn by repetition"]

1. e4 g6 2. d4 Bg7 3. Nf3 c5 4. c3 cxd4 5. cxd4 d6 6. Nc3 Nf6 7. Be3 O-O 8. Qd2 a6 9. Bh6 b5 10.
a3 Bb7 11. Bd3 Nbd7 12. h4 Nb6 13. h5 Nc4 14. Bxc4 bxc4 15. Bxg7 Kxg7 16. hxg6 fxg6 17.
Qh6+ Kf7 18. Ng5+ Ke8 19. Ne6 Qb6 20. Qxf8+ Kd7 21. Qf7 Qxb2 22. O-O Qxc3 23. Rab1 Bxe4 24. Rfe1 Re8 25. Rxe4 Nxe4 26. Rb7+ Kc6 27. Rc7+ Kb6 28. Qxe8 Qc1+ 29. Kh2 Qh6+ 30. Kg1 Qc1+ 31. Kh2 Qh6+ 32. Kg1 Qc1+ 1/2-1/2

[Event "*** Titled Tuesday Blitz"]
[Site "Chess.com"]
[Date "2020.05.26"]
[Round "2"]
[White "MFguimaraes"]
[Black "mattcolins2025"]
[Result "1-0"]
[WhiteElo "2518"]
[BlackElo "2277"]
[TimeControl "180+1"]
[EndTime "10:15:44 PDT"]
[Termination "MFguimaraes won by resignation"]

1. e4 c5 2. Nf3 e6 3. g3 Nc6 4. Bg2 Nf6 5. Nc3 d5 6. exd5 exd5 7. d4 cxd4 8. Nxd4 Bc5 9. Be3 Qe7 10. O-O Be6 11.
Re1 Rd8 12. Nf5 d4 13. Nxe7 dxe3 14. Nxc6 exf2+ 15. Kh1 fxe1=Q+ 16. Qxe1 bxc6 17. Bxc6+ Ke7 18. Bf3 Rd7 19. Rd1 Rxd1 20. Qxd1 Rd8 21. Qe2 Kf8 22. Kg2 Bb6 23. a3 Re8 24. Qb5 Bd7 25. Qb4+ Kg8 26. a4 Re1 27. Ne2 g5 28. Qxe1 g4 29. Bb7 1-0

[Event "*** Titled Tuesday Blitz"]
[Site "Chess.com"]
[Date "2020.05.26"]
[Round "2"]
[White "A-Adly"]
[Black "Gerodot71"]
[Result "1-0"]
[WhiteElo "2819"]
[BlackElo "2414"]
[TimeControl "180+1"]
[EndTime "10:15:47 PDT"]
[Termination "A-Adly won by resignation"]

1. Nf3 d5 2. g3 Nd7 3. c4 c6 4. d4 Ngf6 5. Bg2 e6 6. O-O Be7 7. Qc2 O-O 8. Nbd2 b6 9. e4 dxe4 10. Nxe4 Bb7 11. Rd1 Qc8 12. Ne5 c5 13. Nxd7 Nxd7 14. d5 exd5 15. cxd5 Nf6 16. d6 Bd8 17. d7 Qb8 18. Bf4 Bxe4 19. Bxe4 Bc7 20. Bxc7 Qxc7 21. Bxa8 Rxa8 22. Qe2 Rd8 23. Qe7 Rxd7 24. Rxd7 Qxd7 25. Qxd7 Nxd7 26. Rd1 Nf8 27. Rd8 f6 28. Ra8 a5 29.
Rb8 1-0

[Event "*** Titled Tuesday Blitz"]
[Site "Chess.com"]
[Date "2020.05.26"]
[Round "2"]
[White "ChessMavenYeti"]
[Black "dpopadic"]
[Result "1/2-1/2"]
[WhiteElo "2105"]
[BlackElo "2382"]
[TimeControl "180+1"]
[EndTime "10:15:47 PDT"]
[Termination "Game drawn by repetition"]

1. Nf3 Nf6 2. g3 g6 3. Bg2 Bg7 4. O-O O-O 5. b3 d6 6. d4 c5 7. Bb2 Nc6 8. Qc1 cxd4 9. Nxd4 Bd7 10. c4 Nxd4 11. Bxd4 Bc6 12. Qb2 a6 13. Nc3 Ne8 14. Bxg7 Nxg7 15. Nd5 Bxd5 16. cxd5 Rc8 17. Rac1 Qb6 18.
Rc2 Rc5 19. Rfc1 Rfc8 20. Rxc5 Rxc5 21. e4 Qc7 22. Rxc5 Qxc5 23. Qd2 a5 24. h4 h5 25.
Qd3 Ne8 26. Qc4 Qxc4 27. bxc4 b6 28. Kf1 Nc7 29. Ke2 Na6 30. a3 Nc5 31. Ke3 Kg7 32.
f4 Kf6 33. Kd4 Kg7 34. e5 f5 35. e6 Kf8 36. Bf3 Ke8 37. Bg2 Kd8 38. Bf3 Kc7 39.
Bg2 Kb7 40. Bf3 Ka6 41. Bg2 Kb7 42. Bf3 Nb3+ 43. Kc3 Nc5 44. Kd4 1/2-1/2

[Event "*** Titled Tuesday Blitz"]
[Site "Chess.com"]
[Date "2020.05.26"]
[Round "2"]
[White "Quaternitychess"]
[Black "yamalchess"]
[Result "1-0"]
[WhiteElo "2789"]
[BlackElo "2515"]
[TimeControl "180+1"]
[EndTime "10:15:48 PDT"]
[Termination "Quaternitychess won by resignation"]

1. e4 e5 2. Nf3 Nc6 3. Bb5 a6 4.
Ba4 Nf6 5. d3 b5 6. Bb3 Bd6 7. a3 O-O 8. Nc3 h6 9. g4 Nd4 10. g5 hxg5 11. Bxg5 Nxf3+ 12. Qxf3 Be7 13. Rg1 d6 14. O-O-O Be6 15. Bh6 Ne8 16. Nd5 Bh4 17. Qh5 c6 18. Bxg7 Nxg7 19. Rxg7+ Kxg7 20. Rg1+ 1-0

[Event "*** Titled Tuesday Blitz"]
[Site "Chess.com"]
[Date "2020.05.26"]
[Round "2"]
[White "Indianlad"]
[Black "tvjosue"]
[Result "1-0"]
[WhiteElo "2985"]
[BlackElo "2589"]
[TimeControl "180+1"]
[EndTime "10:15:49 PDT"]
[Termination "Indianlad won by checkmate"]

1. Nf3 f5 2. d3 Nf6 3. e4 fxe4 4.
dxe4 Nxe4 5. Bd3 Nf6 6. Ng5 e5 7. Nxh7 d5 8. Bg6+ Ke7 9. Ng5 Bg4 10. f3 Be6 11. Nxe6 Kxe6 12. Nc3 c6 13. Qe2 Bd6 14. Bg5 Nbd7 15. f4 e4 16. O-O-O Qc7 17. f5+ Ke7 18. g3 Rhd8 19. Rxd5 Ne5 20. Qxe4 Kf8 21. Bxf6 gxf6 22. Rdd1 Bc5 23. Qh4 Qg7 24. Ne4 Be7 25. Qh5 a5 26.
Rxd8+ Rxd8 27. Rd1 Rxd1+ 28. Kxd1 a4 29. a3 Bd8 30. Nc5 Qe7 31. Qh8# 1-0

[Event "*** Titled Tuesday Blitz"]
[Site "Chess.com"]
[Date "2020.05.26"]
[Round "2"]
[White "Zhuu96"]
[Black "konradrutkowski"]
[Result "1-0"]
[WhiteElo "2839"]
[BlackElo "2314"]
[TimeControl "180+1"]
[EndTime "10:15:49 PDT"]
[Termination "Zhuu96 won by checkmate"]

1. d4 Nf6 2. Nf3 g6 3. c4 Bg7 4. Nc3 O-O 5. e3 d6 6. Be2 c5 7.
O-O b6 8. d5 e6 9. e4 exd5 10.
exd5 Na6 11. Bf4 Nc7 12. Nd2 Re8 13. Bf3 a6 14. a4 Rb8 15. Re1 h5 16. h3 Bf5 17. Nf1 Rxe1 18. Qxe1 b5 19. axb5 axb5 20. Ne3 Bd3 21. cxb5 Nxb5 22. Qd2 c4 23. Ra6 Rb6 24. Rxb6 Qxb6 25. Nxb5 Qxb5 26. Bxd6 Be4 27. Be5 Bxf3 28.
gxf3 Nxd5 29. Bxg7 Nxe3 30. Bf6 Nf5 31. Qd8+ Kh7 32.
Qh8# 1-0

[Event "*** Titled Tuesday Blitz"]
[Site "Chess.com"]
[Date "2020.05.26"]
[Round "2"]
[White "Colombiano07"]
[Black "Onwgs"]
[Result "0-1"]
[WhiteElo "2265"]
[BlackElo "2477"]
[TimeControl "180+1"]
[EndTime "10:15:49 PDT"]
[Termination "Onwgs won by resignation"]

1. e4 c5 2. Nf3 e6 3. d4 cxd4 4. Nxd4 a6 5. Nc3 b5 6. g3 Bb7 7. Bg2 d6 8. O-O Nd7 9. Re1 Qc7 10. a4 b4 11. Na2 a5 12. c3 bxc3 13. Nxc3 Ngf6 14.
Ndb5 Qb8 15. Bf4 e5 16. Bg5 Be7 17. Rc1 O-O 18. Qd2 h6 19. Bxf6 Nxf6 20. Red1 Rd8 21.
Kh1 Ra6 22. f3 Rc6 23. Nd5 Nxd5 24. exd5 Rxc1 25. Rxc1 Bg5 26. f4 exf4 27. gxf4 Bf6 28. Qxa5 Rc8 29. Rxc8+ Qxc8 30. Qc7 Qa8 31. Qc4 Qa5 32.
Nxd6 Ba6 33. Nb5 Bb7 34. h3 Qe1+ 35. Qf1 Qd2 36. d6 Bxg2+ 37. Qxg2 Qc1+ 38. Kh2 Qxf4+ 39. Kh1 Qc1+ 40. Kh2 Be5+ 0-1

[Event "*** Titled Tuesday Blitz"]
[Site "Chess.com"]
[Date "2020.05.26"]
[Round "2"]
[White "1stSecond"]
[Black "Agnes66678"]
[Result "1-0"]
[WhiteElo "2706"]
[BlackElo "2471"]
[TimeControl "180+1"]
[EndTime "10:15:51 PDT"]
[Termination "1stSecond won by resignation"]

1. c4 Nf6 2. Nc3 e6 3. e4 c5 4. e5 Ng8 5. Nf3 Ne7 6. b3 Nf5 7. Bb2 Nc6 8. Ne4 d5 9. exd6 Bxd6 10. Bd3 O-O 11. Nxd6 Qxd6 12. Bxf5 exf5 13. O-O Nd4 14. Nxd4 cxd4 15. Qf3 Rb8 16. a4 Be6 17. Ba3 Qb6 18.
a5 Qc7 19. Bxf8 Kxf8 20. Rfe1 g6 21. d3 a6 22. b4 Kg7 23. Qh3 h5 24. Qh4 b6 25.
Qxd4+ Kh7 26. axb6 Rxb6 27. c5 Rc6 28. h4 Qb7 29. Ra5 Rc8 30. Rea1 Bd5 31. Rxa6 Rf8 32. Ra7 Qc6 33. R1a6 1-0

[Event "*** Titled Tuesday Blitz"]
[Site "Chess.com"]
[Date "2020.05.26"]
[Round "2"]
[White "BillieKimbah"]
[Black "Mikhal867"]
[Result "1-0"]
[WhiteElo "2848"]
[BlackElo "2155"]
[TimeControl "180+1"]
[EndTime "10:15:51 PDT"]
[Termination "BillieKimbah won on time"]

1. e4 g6 2. Nf3 d6 3. d4 Bg7 4. c4 Nf6 5. Bd3 O-O 6. h3 e5 7. d5 Nh5 8. O-O h6 9. Nc3 a5 10. Rb1 Na6 11. a3 Nf4 12. Bc2 f5 13. exf5 Bxf5 14.
Bxf5 gxf5 15. Bxf4 exf4 16. Ne2 Be5 17. b4 axb4 18. axb4 Nb8 19. Qd2 Nd7 20. Nxf4 Qf6 21. Ne6 Rfc8 22. Rfe1 Nb6 23. Qd3 Ra2 24. Nxe5 dxe5 25.
Qg3+ Kh7 26. Rxe5 Nxc4 27. Rxf5 Qe7 28. Re1 Rg8 29. Qf4 Nd6 30. Rf6 Rg6 31. Nf8+ Qxf8 32. Rxf8 1-0

[Event "*** Titled Tuesday Blitz"]
[Site "Chess.com"]
[Date "2020.05.26"]
[Round "2"]
[White "Justinz"]
[Black "Vitor-Moraes"]
[Result "1-0"]
[WhiteElo "2351"]
[BlackElo "1990"]
[TimeControl "180+1"]
[EndTime "10:15:56 PDT"]
[Termination "Justinz won by resignation"]

1. e4 e5 2. Nf3 Nc6 3. Nc3 Nf6 4. Bb5 d6 5. d4 exd4 6. Nxd4 Bd7 7.
O-O Be7 8. Nxc6 Bxc6 9. Bxc6+ bxc6 10. Qf3 O-O 11. Bf4 d5 12. Rad1 d4 13. e5 Nd5 14.
Rxd4 Bc5 15. Rd3 Qh4 16. Nxd5 cxd5 17. Rxd5 Bb6 18. g3 Qh3 19. Rfd1 Qf5 20. Qd3 Qh3 21. Be3 Bxe3 22. Qxe3 Qe6 23. b3 Qe7 24. c4 Rad8 25. Kg2 c6 26. Rd6 Rxd6 27. exd6 Qxe3 28. fxe3 Rd8 29.
c5 f6 30. Kf3 Kf7 31. Rd4 Ke6 32. b4 Kd7 33. Re4 1-0

[Event "*** Titled Tuesday Blitz"]
[Site "Chess.com"]
[Date "2020.05.26"]
[Round "2"]
[White "Hydrargyrum_Girl"]
[Black "theblitzchamp"]
[Result "1-0"]
[WhiteElo "2329"]
[BlackElo "2683"]
[TimeControl "180+1"]
[EndTime "10:15:57 PDT"]
[Termination "Hydrargyrum_Girl won on time"]

1. e4 e5 2. Nf3 d6 3. d4 Nf6 4. Nc3 Nbd7 5. Bc4 Be7 6. Ng5 O-O 7. Bxf7+ Rxf7 8. Ne6 Qe8 9. Nxc7 Qd8 10. Nxa8 b6 11. dxe5 dxe5 12. Nd5 Bb7 13. Nac7 Nxe4 14. O-O Bc5 15. Be3 Qh4 16. f3 Ng5 17. Qe1 Qh5 18. c4 Qg6 19. Bxc5 Nxc5 20. Kh1 Nd3 21. Qe3 e4 22. fxe4 Nxe4 23. Rxf7 Qxf7 24. Qe2 h5 25.
Kg1 Ndc5 26. Rf1 Qd7 27. Qxh5 b5 28. Qe5 Bxd5 29. Nxd5 Ne6 30. Qxe4 bxc4 31. Qxc4 Qd6 32. Nf4 1-0

[Event "*** Titled Tuesday Blitz"]
[Site "Chess.com"]
[Date "2020.05.26"]
[Round "2"]
[White "MateSchmate"]
[Black "jd001"]
[Result "1-0"]
[WhiteElo "2413"]
[BlackElo "2169"]
[TimeControl "180+1"]
[EndTime "10:15:57 PDT"]
[Termination "MateSchmate won by checkmate"]

1. e4 e6 2. d4 d5 3. Bd3 dxe4 4. Bxe4 Nf6 5. Bf3 c6 6. Ne2 Be7 7. c4 O-O 8. Nbc3 b6 9. O-O Bb7 10. Bf4 Qc8 11. Rc1 Nbd7 12. Bg3 Rd8 13. Qb3 c5 14. Bxb7 Qxb7 15. d5 exd5 16. cxd5 Nh5 17. Rfe1 Nxg3 18. Nxg3 Bf6 19. Nce4 Bd4 20. Nf5 Nf6 21. Nxd4 cxd4 22. Nxf6+ gxf6 23. Qg3+ Kh8 24. Qf4 Qxd5 25. Qxf6+ Kg8 26.
Re5 Qd6 27. Re8+ Rxe8 28. Qxd6 Rad8 29. Qg3+ Kf8 30. Qd3 Rd5 31. g3 Re6 32. Rc7 a5 33. Qxh7 Rg6 34. Qxf7# 1-0

[Event "*** Titled Tuesday Blitz"]
[Site "Chess.com"]
[Date "2020.05.26"]
[Round "2"]
[White "Grischuk"]
[Black "Majesth"]
[Result "1-0"]
[WhiteElo "3093"]
[BlackElo "2441"]
[TimeControl "180+1"]
[EndTime "10:15:59 PDT"]
[Termination "Grischuk won on time"]

1. Nf3 g6 2. e4 Bg7 3. d4 d6 4. Bd3 Nc6 5. O-O e5 6. dxe5 dxe5 7. Bc4 Qxd1 8. Rxd1 Nge7 9. c3 h6 10. a4 Bg4 11. Be3 Bxf3 12. gxf3 O-O 13. a5 Rfd8 14. Nd2 a6 15. b4 Kh7 16. Bxf7 Rf8 17. Bc4 g5 18. Be2 Ng6 19. Nb3 Rf7 20. Nc5 Rb8 21. Rd7 Rxd7 22. Nxd7 Rd8 23. Nc5 Nf4 24. Kf1 Bf8 25.
Nxb7 Rd7 26. Bxa6 Nb8 27. Bc4 c6 28. a6 1-0

[Event "*** Titled Tuesday Blitz"]
[Site "Chess.com"]
[Date "2020.05.26"]
[Round "2"]
[White "stanyga"]
[Black "Nastya_Rakhmangulova"]
[Result "1-0"]
[WhiteElo "2591"]
[BlackElo "2292"]
[TimeControl "180+1"]
[EndTime "10:16:00 PDT"]
[Termination "stanyga won by resignation"]

1. e4 d5 2. exd5 Qxd5 3. Nc3 Qd6 4. d4 Nf6 5. Nf3 Bg4 6. h3 Bh5 7.
g4 Bg6 8. Ne5 Nbd7 9. f4 O-O-O 10.
Bg2 e6 11. Be3 c6 12. Qe2 Qc7 13. a3 Qa5 14. O-O h5 15. Nc4 Qc7 16. f5 exf5 17.
Bf4 Ne5 18. Bxe5 Qd7 19. gxf5 Bxf5 20. Na4 1-0

[Event "*** Titled Tuesday Blitz"]
[Site "Chess.com"]
[Date "2020.05.26"]
[Round "2"]
[White "Slovak_fighter2000"]
[Black "Saxar85"]
[Result "0-1"]
[WhiteElo "2484"]
[BlackElo "2727"]
[TimeControl "180+1"]
[EndTime "10:16:01 PDT"]
[Termination "Saxar85 won by resignation"]

1. Nf3 d6 2. d4 Bg4 3. e4 g6 4.
Be2 Bg7 5. Nc3 Nc6 6. Be3 Nf6 7. O-O O-O 8. h3 Bxf3 9. Bxf3 e5 10. dxe5 dxe5 11.
Qxd8 Rfxd8 12. Rfd1 Nd4 13. Bxd4 exd4 14. Nd5 Ne8 15.
g3 c6 16. Nf4 Nd6 17. Nd3 Re8 18. Re1 Re7 19. Bg2 Rae8 20. f3 Nc4 21. b3 Ne3 22. Rac1 Bh6 23. f4 f6 24. e5 fxe5 25.
Nxe5 Rxe5 26. fxe5 Nxg2 27. Kxg2 Bxc1 28. Rxc1 Rxe5 29. Kf2 Re3 30. Rd1 c5 31. a4 Kf7 32.
Rd2 Ke6 33. Kg2 b6 34. Kf2 a6 35. Rd1 Kd5 36. Rc1 b5 37. axb5 axb5 38. Ra1 Rc3 39. Ra2 Ke4 40. h4 h5 41. Rb2 Rf3+ 42.
Kg2 Ke3 43. Ra2 Rf2+ 44. Kh3 d3 0-1

[Event "*** Titled Tuesday Blitz"]
[Site "Chess.com"]
[Date "2020.05.26"]
[Round "2"]
[White "emperor87"]
[Black "KerryStead"]
[Result "1-0"]
[WhiteElo "2615"]
[BlackElo "2127"]
[TimeControl "180+1"]
[EndTime "10:16:02 PDT"]
[Termination "emperor87 won on time"]

1. e4 d6 2. d4 Nf6 3. Nc3 c6 4. Be3 Nbd7 5. f3 Qc7 6. Qd2 e5 7. Nge2 Be7 8. Ng3 Nf8 9. a4 a6 10.
a5 h6 11. Bc4 g5 12. O-O Ng6 13. Na4 Nf4 14. Nb6 Rb8 15. dxe5 dxe5 16. Rad1 Be6 17. Bxe6 Nxe6 18. Nf5 Rd8 19. Qc3 Rxd1 20. Rxd1 Rh7 21. Nc4 Nd7 22. Ncd6+ Bxd6 23. Nxd6+ Kf8 24. Nc4 f6 25. Qb4+ Kf7 26. Qb3 1-0

[Event "*** Titled Tuesday Blitz"]
[Site "Chess.com"]
[Date "2020.05.26"]
[Round "2"]
[White "Zurability"]
[Black "Sanyura"]
[Result "1-0"]
[WhiteElo "2725"]
[BlackElo "2480"]
[TimeControl "180+1"]
[EndTime "10:16:07 PDT"]
[Termination "Zurability won by resignation"]

1. c4 e5 2. g3 Nf6 3. Bg2 d5 4. cxd5 Nxd5 5. Nc3 Nb6 6. Nf3 Nc6 7. O-O Be7 8. a3 O-O 9. b4 Re8 10. b5 Nd4 11.
Nxe5 Bf6 12. f4 Be6 13. Rb1 Nc4 14. e3 Nf5 15. g4 Bxe5 16. gxf5 Bxc3 17. fxe6 Bxd2 18.
exf7+ Kxf7 19. Qb3 Bxe3+ 20. Bxe3 Rxe3 21. Qxc4+ Kf8 22. Qc5+ 1-0

[Event "*** Titled Tuesday Blitz"]
[Site "Chess.com"]
[Date "2020.05.26"]
[Round "2"]
[White "ZuchBolt"]
[Black "Gennady_Kozlov"]
[Result "0-1"]
[WhiteElo "2235"]
[BlackElo "2562"]
[TimeControl "180+1"]
[EndTime "10:16:09 PDT"]
[Termination "Gennady_Kozlov won by resignation"]

1. d4 e6 2. c4 b6 3. g3 Bb7 4.
Nf3 f5 5. Bg2 Nf6 6. O-O Be7 7. b3 O-O 8. Bb2 d6 9. Nc3 Ne4 10. d5 Nxc3 11. Bxc3 e5 12. b4 Nd7 13. a4 Bf6 14. Qc2 g6 15. h4 Qe7 16. h5 e4 17. Nd4 Bxd4 18. Bxd4 Nf6 19. hxg6 hxg6 20. a5 Ng4 21. a6 Qh7 22. Rfc1 Qh2+ 23. Kf1 Bc8 24. e3 Bd7 25. Qe2 Rab8 26. Rab1 g5 27. c5 f4 28. exf4 e3 29. cxd6 gxf4 30. dxc7 exf2 31. Bxf2 Rbe8 32. Qc2 Ne3+ 33. Bxe3 fxg3+ 0-1

[Event "*** Titled Tuesday Blitz"]
[Site "Chess.com"]
[Date "2020.05.26"]
[Round "2"]
[White "Shubinkirill2003"]
[Black "Parhamov"]
[Result "1/2-1/2"]
[WhiteElo "2605"]
[BlackElo "3096"]
[TimeControl "180+1"]
[EndTime "10:16:10 PDT"]
[Termination "Game drawn by repetition"]

1. e4 e6 2. d4 d5 3. Nc3 Bb4 4. e5 Qd7 5. a3 Bxc3+ 6. bxc3 b6 7. Qg4 f5 8. Qh5+ Qf7 9. Qxf7+ Kxf7 10. h4 Ba6 11.
Ne2 c5 12. Be3 Nd7 13. Nf4 Bxf1 14. Rxf1 Ne7 15. a4 Rhc8 16. Kd2 Nc6 17. Nd3 Na5 18.
Bf4 Rc6 19. f3 Rac8 20. Ra2 cxd4 21. cxd4 Nb8 22. g4 g6 23. h5 Rc4 24. hxg6+ hxg6 25. Rh1 Nbc6 26. gxf5 gxf5 27. Raa1 Nxd4 28. Rh7+ Kg8 29. Rah1 Rxc2+ 30. Kd1 R2c3 31. Rh8+ Kg7 32. R1h7+ Kg6 33.
Rh6+ Kg7 34. R6h7+ Kg6 35. Rh6+ Kg7 36. R6h7+ 1/2-1/2

[Event "*** Titled Tuesday Blitz"]
[Site "Chess.com"]
[Date "2020.05.26"]
[Round "2"]
[White "12teen"]
[Black "m_ezat"]
[Result "1-0"]
[WhiteElo "2738"]
[BlackElo "2489"]
[TimeControl "180+1"]
[EndTime "10:16:12 PDT"]
[Termination "12teen won by checkmate"]

1. g3 Nf6 2. Bg2 g6 3. d3 Bg7 4. e4 O-O 5. Nc3 d6 6. f4 c5 7. h3 Nc6 8. g4 Rb8 9. Nf3 b5 10. Ne2 b4 11. Ng3 Ba6 12. g5 Nd7 13. h4 c4 14. d4 Qa5 15. Kf2 b3 16. c3 bxa2 17. h5 Rfe8 18. hxg6 fxg6 19. f5 Nb6 20. Nh4 Na4 21.
fxg6 hxg6 22. Nxg6 Nxb2 23. Qh5 Nd3+ 24. Kg1 Qxc3 25.
Qh7+ Kf7 26. Nf5 Qe1+ 27. Kh2 Rh8 28. Nxh8+ Rxh8 29. Nh6+ Ke6 30. Qf5# 1-0

[Event "*** Titled Tuesday Blitz"]
[Site "Chess.com"]
[Date "2020.05.26"]
[Round "2"]
[White "Tayson_7"]
[Black "Kapibara_Warri0r"]
[Result "1-0"]
[WhiteElo "2612"]
[BlackElo "2090"]
[TimeControl "180+1"]
[EndTime "10:16:13 PDT"]
[Termination "Tayson_7 won by resignation"]

1. e4 e5 2. Nf3 Nc6 3. Bb5 a6 4. Ba4 d6 5. d4 b5 6. Bb3 Nxd4 7. Nxd4 exd4 8. c3 dxc3 9. Qh5 Qe7 10. Nxc3 Nf6 11. Qf3 Bb7 12. O-O Qd7 13. Qg3 Qg4 14.
Qxg4 Nxg4 15. Nd5 Bxd5 16. Bxd5 Rb8 17. f3 Ne5 18. Bf4 Nd3 19. Be3 Nxb2 20. Rfc1 Kd7 21. Ba7 Rd8 22. Bb7 Nc4 23. Bxa6 c6 24. a4 Ra8 25. axb5 Rxa7 26. bxc6+ Kxc6 27. Rxc4+ Kb6 28. Rb1+ Ka5 29. Rc2 1-0

[Event "*** Titled Tuesday Blitz"]
[Site "Chess.com"]
[Date "2020.05.26"]
[Round "2"]
[White "Godzillator"]
[Black "chiwii"]
[Result "1-0"]
[WhiteElo "2438"]
[BlackElo "2216"]
[TimeControl "180+1"]
[EndTime "10:16:13 PDT"]
[Termination "Godzillator won by resignation"]

1. d4 Nf6 2. c4 g6 3. Nc3 Bg7 4. e4 d6 5. Be2 O-O 6. Bg5 Nc6 7.
d5 Ne5 8. Nf3 Nxf3+ 9. Bxf3 h6 10. Be3 Nd7 11. Qd2 Kh7 12. Be2 Ne5 13. h3 c6 14. f4 Nd7 15. O-O f5 16. Bd3 Nf6 17.
exf5 gxf5 18. Qc2 Nh5 19. g4 Ng3 20. Rf3 Bxc3 21. bxc3 Ne4 22. gxf5 Nf6 23. Kh2 Rg8 24.
Rg1 Bd7 25. Rfg3 Rxg3 26. Rxg3 Qf8 27. Qg2 Qf7 28. Rg6 Rg8 29. Bd4 cxd5 30. cxd5 b6 31. c4 a5 32. Bxb6 a4 33. a3 Be8 34.
Bd4 Qf8 35. Rxg8 Qxg8 36. Bxf6 Qxg2+ 37. Kxg2 exf6 38. Kf3 Kg7 39. Ke3 Kf7 40. Kd4 Ke7 41. c5 h5 42. h4 Bd7 43. c6 Bc8 44. Bc2 Kd8 45. Ke4 Kc7 46. Bxa4 Ba6 47. Bd1 Bf1 48.
Bxh5 Bg2+ 49. Kd4 Bh3 50. Bg6 1-0